 Dungeon Crawl Stone Soup version 0.29.1-12-g30fa7ad0bf (webtiles) character file.

Game seed: 17234763980352206125

433 Mitcholas the Cudgeller (level 7, -6/41 HPs)
             Began as a Gargoyle Fighter on Dec 27, 2022.
             Killed by divine providence
             ... invoked by an orc priest
              (17 damage)
             ... on level 4 of the Dungeon.
             The game lasted 00:09:26 (4014 turns).

Mitcholas the Cudgeller (Gargoyle Fighter)          Turns: 4014, Time: 00:09:26

Health: -6/41      AC:  8    Str: 22    XL:     7   Next: 0%
Magic:  7/7        EV: 17    Int:  8    God:
Gold:   145        SH:  0    Dex:  9    Spells: 6/6 levels left

rFire   + + .      SeeInvis .   (weapon currently unavailable)
rCold   + + .      Faith    .   (shield currently unavailable)
rNeg    + + +      Spirit   .   (body armour currently unavailable)
rPois   ∞          Reflect  .   (helmet currently unavailable)
rElec   +          Harm     .   (cloak currently unavailable)
rCorr   +          Rampage  .   (gloves currently unavailable)
Will    .....                   (boots currently unavailable)
Stlth   +.........              (amulet currently unavailable)
HPRegen 0.13/turn               (ring currently unavailable)
MPRegen 0.10/turn               (ring currently unavailable)

@: wisp-form, flying
A: insubstantial, flying, no casting, sickness immunity, AC +4, tiny, negative
energy resistance 1, (electricity resistance), torment resistance 1,
petrification resistance
a: no special abilities


You were on level 4 of the Dungeon.
You were an insubstantial wisp.
You visited 1 branch of the dungeon, and saw 4 of its levels.

You collected 145 gold pieces.

Inventory:

Hand Weapons
 a - a +0 flail (melded)
Missiles
 v - 3 poisoned darts (quivered)
 y - 2 atropa-tipped darts
Armour
 c - a +0 buckler (melded)
 h - a +0 chain mail (melded)
 r - a +0 helmet (melded)
 t - a scarf of invisibility (melded)
Scrolls
 b - 3 scrolls of magic mapping {unknown}
 j - a scroll of enchant weapon {unknown}
 k - a scroll of fog {unknown}
 l - 3 scrolls of immolation {unknown}
 m - a scroll of summoning {unknown}
 n - 3 scrolls of teleportation {unknown}
 o - a scroll of enchant armour {unknown}
 q - 2 scrolls of vulnerability {unknown}
 u - 5 scrolls of identify {unknown}
 w - a scroll of blinking {unknown}
Potions
 d - 2 potions of might
 e - 4 potions of heal wounds
 f - 4 potions of degeneration {unknown}
 g - 2 potions of brilliance {unknown}
 i - 2 potions of berserk rage {unknown}
 p - 2 potions of cancellation {unknown}
 s - 2 potions of curing {unknown}
 x - a potion of lignification {unknown}
 z - a potion of magic {unknown}


   Skills:
 - Level 3.2 Fighting
 * Level 7.3 Maces & Flails
 - Level 3.2 Armour
 - Level 3.2 Shields


You had 6 spell levels left.
You didn't know any spells.
Your spell library contained the following spells:

 Spells                   Type           Power      Damage    Failure   Level
 Sandblast                Erth           0%         2d4       41%         1
 Passwall                 Tmut/Erth      0%         N/A       54%         2
 Static Discharge         Conj/Air       0%         3-3/arc   54%         2
 Confusing Touch          Hex            0%         N/A       78%         3
 Portal Projectile        Hex/Tloc       0%         N/A       78%         3
 Stone Arrow              Conj/Erth      0%         3d7       78%         3
 Tukima's Dance           Hex            0%         N/A       78%         3
 Dispel Undead            Necr           0%         3d6       99%         4
 Sticky Flame             Conj/Fire      0%         2d3       99%         4
 Blade Hands              Tmut           0%         N/A       100%        5
 Yara's Violent Unravell  Hex/Tmut       0%         3d3       100%        5
 Enfeeble                 Hex            0%         N/A       100%        7


Dungeon Overview and Level Annotations

Branches:
Dungeon (4/15)
 Temple: D:4-7

Altars:

Shops:
D:3 ((


Innate Abilities, Weirdness & Mutations

You are an insubstantial wisp.
Your tiny insubstantial body is highly resistant to most damage types.
You are flying.
Your equipment is entirely melded.
You are incapable of wielding weapons or throwing items.
You cannot cast spells.
You are immune to sickness and miasma.
((Your stone body is resilient. (AC +4)))
You are immune to poison.
You resist negative energy. (rN+)
((You are resistant to electric shocks. (rElec)))
You are resistant to unholy torment.
You are immune to petrification.


Message History

The orc wizard is heavily wounded.
The orc barely misses you.
The orc wizard hits you but does no damage.
The orc priest looks satisfied for a moment.
You bump into the rock wall.
The orc hits you but does no damage.
The orc wizard hits you but does no damage.
You hit the orc wizard but do no damage.
The orc wizard is heavily wounded.
The orc hits you but does no damage.
The orc wizard gestures wildly while chanting.
The orc wizard flickers and vanishes!
Deactivating autopickup; reactivate with Ctrl-A.
You closely miss something.
You feel less confused. Something hits you but does no damage.
You miss something. You block the orc's attack. Something hits you.
The orc priest calls upon Beogh to heal the orc.
The orc's wounds heal themselves!
You closely miss something. The orc barely misses you.
Something hits you but does no damage.
The orc priest zaps a wand.
You turn into an insubstantial wisp.
Your +0 flail melds into your body.
Your scarf of invisibility melds into your body.
Your +0 helmet melds into your body.
Your +0 buckler melds into your body.
Your +0 chain mail melds into your body.
The orc priest casts a cantrip, but nothing happens.
Something hits you. The orc hits you with a +0 flail.
You barely miss something.
You touch something.
The orc closely misses you. Something hits you but does no damage.
The orc priest hits you with a +0 club.
You barely miss something. The orc completely misses you.
Something barely misses you. The orc priest barely misses you.
You closely miss something. The orc completely misses you.
The orc priest hits you but does no damage.
Something hits you but does no damage.
You closely miss something. The orc hits you with a +0 flail.
Something hits you.
* * * LOW HITPOINT WARNING * * *
The orc priest invokes the aid of Beogh against you.
Beogh smites you!
You die...

...# ..o## ...> ...##
# .... #. ..#####
###.######.......
........vo.......
.##.....o{....... #
#.....#........ #.
##....#........
#.###.............
#.................
### #.###..#..######
#.###.....###.#
######..#.......#..##


You could see an orc priest and an orc.

Vanquished Creatures
  An ogre (D:4)
  A necrophage (D:4)
  2 hounds
  A jelly (D:4)
  An orc wizard (D:4)
  4 gnolls
  4 adders
  A worm (D:1)
  3 dart slugs
  3 orcs
  4 ball pythons
  4 bats
  7 endoplasms
  7 giant cockroaches
  11 goblins
  9 hobgoblins
  8 jackals
  2 quokkas
  5 frilled lizards
  6 kobolds
  3 rats
87 creatures vanquished.

Notes
Turn   | Place    | Note
-------+----------+-------------------------------------------
     0 | D:1      | Mitcholas the Gargoyle Fighter began the quest for the Orb.
     0 | D:1      | Reached XP level 1. HP: 14/14 MP: 1/1
    66 | D:1      | Reached XP level 2. HP: 19/19 MP: 2/2
   280 | D:1      | Reached skill level 3 in Maces & Flails
   826 | D:1      | Reached XP level 3. HP: 20/23 MP: 3/3
  1182 | D:2      | Reached skill level 4 in Maces & Flails
  1412 | D:2      | Reached XP level 4. HP: 28/28 MP: 4/4
  1868 | D:3      | Found a faded altar of an unknown god.
  1991 | D:2      | Reached skill level 5 in Maces & Flails
  1991 | D:2      | Reached XP level 5. HP: 7/32 MP: 5/5
  2541 | D:3      | Found Goibbac's Antique Weapon Shop.
  2900 | D:3      | Found Didept's Weapon Emporium.
  2932 | D:3      | Reached skill level 6 in Maces & Flails
  3388 | D:4      | Reached XP level 6. HP: 37/37 MP: 6/6
  3583 | D:4      | Reached skill level 7 in Maces & Flails
  3917 | D:4      | Reached XP level 7. HP: 32/41 MP: 7/7
  4014 | D:4      | Killed from afar by an orc priest

Illustrated notes

Levels and vault maps discovered:
D:1:      erik_arrival_cave_to_civilisation [erik_arrival_cave_to_hall],
          layout_loops_ring, serial_park_tiny_pond, chequers_decorated_corner
D:2:      layout_rooms
D:3:      minmay_bubble_buster, layout_basic,
          hellmonk_ecumenical_altar_dog_temple, serial_shops, shop, shop,
          cheibrodos_gnoll_hut
D:4:      nicolae_cairo_tiling_large_dashed, layout_loops_cross

Skill      XL: |  1  2  3  4  5  6 |
---------------+-------------------+-----
Maces & Flails | 3 4 5 6 7 |  7.3
Fighting       | |  3.2
Armour         | |  3.2
Shields        | |  3.2

Action                   |  1- 3 |  4- 6 |  7- 9 || total
-------------------------+-------+-------+-------++-------
Melee: Flail             |   114 |   248 |    10 ||   372
       Unarmed           |       |       |     5 ||     5
Throw: Dart              |       |     2 |       ||     2
  Use: Potion            |     1 |       |       ||     1
Armor: Scale mail        |     6 |       |       ||     6
       Chain mail        |   118 |   150 |     9 ||   277
       Skin              |       |       |     3 ||     3
Dodge: Dodged            |    69 |    87 |     9 ||   165
Block: Buckler           |    30 |    51 |     1 ||    82
